cohdb
Replays
Latest Replays
All Replays
Popular Replays
Top Player Replays
Match Explorer
How It Works
Community
CoH3 Stats
Reddit
Sign in to upload your games and track your stats! →
Sign in with Steam
Match 44843753
Unlisted
Match 44843753
Overview
Messages
Build Orders
End
Royal Engineer Section
Construct Section Command Post
Selects Canadian Shock Battlegroup
Infantry Section
Infantry Section
Infantry Section
Construct Field Infirmary
Grenade Package
Selects Offensive Resupply
Selects Canadian Shock Section
Selects Incendiary Munitions
Construct Platoon Command Post
Infantry Training
6-pounder Anti-tank Gun Team
Canadian Shock Section
Vickers Machine Gun Team
Selects Pyrotechnics
Wonder
Darkelf
Stormless
Grunka Lunka
0
0
Comments
sign in to comment!
No comments posted yet!